 Dungeon Crawl Stone Soup version 0.31-a0-232-gb1c03b2570 (webtiles) character file.

Game seed: 11993246087350678733

203 qw the Shooter (level 5, -1/32 HPs)
             Began as a Gargoyle Hexslinger on July 6, 2023.
             Slain by a hound (3 damage)
             ... on level 2 of the Dungeon.
             The game lasted 00:00:46 (1363 turns).

qw the Shooter (Gargoyle Hexslinger)                Turns: 1363, Time: 00:00:46

Health: -1/32      AC:  9    Str: 12    XL:     5   Next: 81%
Magic:  6/6        EV: 10    Int: 13    God:
Gold:   112        SH:  0    Dex: 14    Spells: 5/6 levels left

rFire   . . .        Y - +1 sling
rCold   . . .        (no shield)
rNeg    + . .        d - +0 ring mail
rPois   inf          (no helmet)
rElec   +            (no cloak)
rCorr   .            (no gloves)
SInv    .            (no boots)
Will    .....        (no amulet)
Stlth   +            (no ring)
HPRegen 0.25/turn    (no ring)
MPRegen 0.10/turn

%: no passive effects
@: no status effects
A: sickness immunity, AC +4, negative energy resistance 1, electricity
resistance, torment resistance 1, petrification resistance
a: no special abilities


You were on level 2 of the Dungeon.
You visited 1 branch of the dungeon, and saw 3 of its levels.

You collected 130 gold pieces.
You spent 18 gold pieces at shops.


Innate Abilities, Weirdness & Mutations

You are immune to sickness and miasma.
Your stone body is resilient. (AC +4)
You are immune to poison.
You resist negative energy. (rN+)
You are resistant to electric shocks. (rElec)
You are resistant to unholy torment.
You are immune to petrification.


   Skills:
 - Level 3.0 Fighting
 + Level 5.0 Ranged Weapons
 - Level 1.0 Armour
 - Level 1.5 Dodging
 - Level 1.0 Spellcasting
 - Level 2.6 Hexes


You had 5 spell levels left.
You knew the following spells:

 Your Spells              Type           Power      Damage    Failure   Level
a - Slow                  Hex            28%        N/A       22%         1

Your spell library contained the following spells:

 Spells                   Type           Power      Damage    Failure   Level
 Inner Flame              Hex/Fire       4%         N/A       73%         3
 Portal Projectile        Hex/Tloc       8%         N/A       73%         3
 Cause Fear               Hex            3%         N/A       91%         4

Inventory:

Hand Weapons
 Y - a +1 sling (weapon)
Armour
 d - a +0 ring mail (worn)
Potions
 c - a potion of ambrosia {unknown}
 e - a potion of cancellation {unknown}
 g - a potion of curing {unknown}
 k - a potion of lignification {unknown}

Dungeon Overview and Level Annotations

Branches:
Dungeon (3/15)

Altars:

Shops:
D:1 *


Message History

The hound barely misses you.
You shoot a sling bullet.
The sling bullet hits the ice beast but does no damage.
The hound barely misses you.
The ice beast hits you but does no damage.
The hound bites you but does no damage.
You shoot a sling bullet.
The sling bullet closely misses the ice beast.
The ice beast barely misses you. The hound barely misses you.
The ice beast hits you but does no damage.
The hound bites you.
You shoot a sling bullet.
The sling bullet closely misses the ice beast.
The hound bites you but does no damage.
The ice beast hits you but does no damage.
The hound closely misses you.
You shoot a sling bullet.
The sling bullet hits the ice beast but does no damage.
The hound barely misses you. The ice beast completely misses you.
The hound bites you but does no damage.
You shoot a sling bullet. The sling bullet hits the ice beast!
The ice beast is moderately wounded.
The ice beast closely misses you. The hound bites you but does no damage.
The ice beast hits you but does no damage.
The hound barely misses you.
You shoot a sling bullet.
The sling bullet hits the ice beast but does no damage.
The ice beast is moderately wounded.
The hound bites you but does no damage. The ice beast barely misses you.
The hound bites you but does no damage.
You shoot a sling bullet.
The sling bullet barely misses the ice beast.
The hound closely misses you. The ice beast barely misses you.
The hound bites you.
You shoot a sling bullet.
The sling bullet hits the ice beast but does no damage.
The ice beast is moderately wounded.
The ice beast hits you but does no damage.
The hound bites you.
You die...

##....##..............#####....#.
#..#####...........#..########.#.
#.#......###.....................
#.#.####.# #......###............
#...###..####..<..##.............
######.......................###.
#.............#..............
##.#........h.................
####..#.........@.#.........#...#
.....##........Y#.#[........##..#
######.......####.##.......###...
# #.......####.........>.##...
######.......#...........%..###.#
¤¤¤¤...........##................
######...........................
#.......##..................
#.......##..................


You could see an ice beast and a hound.

Vanquished Creatures
  Jessica (D:2)
  Natasha (thrice) (D:2)
  6 adders (D:2)
  A worm (D:2)
  2 bats (D:1)
  4 endoplasms
  3 giant cockroaches (D:2)
  A goblin (D:2)
  4 hobgoblins
  4 jackals (D:1)
  10 ball pythons
  A frilled lizard (D:1)
  3 kobolds (D:1)
  6 rats
49 creatures vanquished.

Notes
Turn   | Place    | Note
-------+----------+-------------------------------------------
     0 | D:1      | qw the Gargoyle Hexslinger began the quest for the Orb.
     0 | D:1      | Reached XP level 1. HP: 12/12 MP: 2/2
     0 | D:1      | 0 ||| qw: Version: 0.3-a-46-gb1f654a
     0 | D:1      | 0 ||| qw: Game counter: 2108
     0 | D:1      | 0 ||| qw: Melee chars always use a shield: true
     0 | D:1      | 0 ||| qw: God list: Okawaru
     0 | D:1      | 0 ||| qw: Allow faded altars: false
     0 | D:1      | 0 ||| qw: Do Orc after clearing Dungeon:15 true
     0 | D:1      | 0 ||| qw: Do second Lair branch before Depths: true
     0 | D:1      | 0 ||| qw: Lair rune preference: random
     0 | D:1      | 0 ||| qw: Goals: Normal
     0 | D:1      | 0 ||| PLANNING D:1-11
    35 | D:1      | Reached XP level 2. HP: 16/16 MP: 3/3
   154 | D:1      | Reached skill level 3 in Ranged Weapons
   280 | D:1      | Found Keol's Assorted Antiques.
   283 | D:1      | 283 ||| SHOPLISTING 2 lumpy white potions (36 gold, have
                  | 34).
   283 | D:1      | 283 ||| BUYING blue potion (18 gold).
   283 | D:1      | Bought a blue potion for 18 gold pieces
   283 | D:1      | 283 ||| SHOPLISTING fuming brown potion (18 gold, have 16).
   283 | D:1      | 283 ||| SHOPLISTING scroll labelled NAZEGU EJOSMU (20 gold,
                  | have 16).
   283 | D:1      | 283 ||| SHOPLISTING scroll labelled XITOUM APRA (20 gold,
                  | have 16).
   631 | D:1      | 631 ||| UPGRADING to +0 ring mail.
   641 | D:1      | 641 ||| DROPPING +0 robe.
   642 | D:1      | 642 ||| DROPPING scarf of harm.
   643 | D:1      | 643 ||| READING scroll labelled RORCHID COULOIH.
   644 | D:1      | 644 ||| READING scroll labelled JOKLYAM LANOSI.
   645 | D:1      | 645 ||| READING scroll labelled ISOLEG RILO.
   646 | D:1      | 646 ||| READING scroll labelled NAZEGU EJOSMU.
   647 | D:1      | 647 ||| DRINKING 2 inky potions.
   648 | D:1      | 648 ||| DROPPING scroll of poison.
   680 | D:2      | 680 ||| STAIRDANCE
   685 | D:1      | HP: 4/17 [rat (2)]
   686 | D:1      | 686 ||| DRINKING potion of heal wounds.
   689 | D:1      | Reached XP level 3. HP: 14/21 MP: 4/4
   719 | D:2      | Noticed Jessica
   726 | D:2      | Killed Jessica
   737 | D:2      | Reached XP level 4. HP: 23/26 MP: 5/5
   754 | D:2      | Reached skill level 4 in Ranged Weapons
   776 | D:2      | Reached skill level 1 in Armour
   825 | D:2      | Noticed Natasha
   831 | D:2      | Killed Natasha
   863 | D:2      | Reached XP level 5. HP: 30/30 MP: 6/6
  1169 | D:2      | Reached skill level 5 in Ranged Weapons
  1186 | D:2      | Noticed Natasha
  1193 | D:2      | Killed Natasha
  1230 | D:2      | Noticed Natasha
  1237 | D:2      | Killed Natasha
  1238 | D:2      | Reached skill level 3 in Fighting
  1322 | D:2      | 1322 ||| READING scroll labelled MEGIZATAMON.
  1323 | D:2      | 1323 ||| READING scroll labelled OLUDUH NIAG LIL.
  1324 | D:2      | 1324 ||| DROPPING potion of brilliance.
  1343 | D:3      | Noticed an ice beast
  1347 | D:3      | 1347 ||| STAIRDANCE
  1350 | D:3      | HP: 8/32 [hound (3)]
  1352 | D:3      | 1352 ||| STAIRDANCE
  1357 | D:2      | HP: 3/32 [hound (3)]
  1362 | D:2      | HP: 2/32 [hound (3)]
  1363 | D:2      | Slain by a hound

Levels and vault maps discovered:
D:1:      lightli_arrival_quake, layout_basic, serial_shops,
          nicolae_shop_real_fake_doors
D:2:      layout_rooms, uniq_natasha, uniq_jessica
D:3:      layout_basic, hellmonk_ecumenical_altar_leap_of_faith

Skill      XL: |  1  2  3  4  5 |
---------------+----------------+-----
Ranged Weapons | 3 4 5 |  5.0
Fighting       | 2 3 |  3.0
Armour         | 1 |  1.0
Dodging        | |  1.5
Spellcasting   | |  1.0
Hexes          | |  2.6

Action                     |  1- 3 |  4- 6 || total
---------------------------+-------+-------++-------
   Fire: Sling             |    72 |   128 ||   200
    Use: Scroll            |     4 |     2 ||     6
         Potion            |     2 |       ||     2
 Armour: Ring mail         |    14 |    64 ||    78
         Robe              |     4 |       ||     4
  Dodge: Dodged            |    32 |    63 ||    95

Table legend:
 A = Non-vault XP
 B = Vault XP
 C = Vault XP percentage of total XP
 D = Non-vault monster count
 E = Vault monster count
 F = Vault count percentage of total count
                 A         B        C        D         E       F
            +---------+---------+-------+---------+---------+-------
      Total |     218 |      72 |  24.8 |      47 |       2 |   4.1
            +---------+---------+-------+---------+---------+-------
        D:1 |      35 |       0 |   0.0 |      22 |       0 |   0.0
        D:2 |     179 |      72 |  28.7 |      23 |       2 |   8.0
        D:3 |       4 |       0 |   0.0 |       2 |       0 |   0.0
            +---------+---------+-------+---------+---------+-------
